 Dungeon Crawl Stone Soup version 0.18-a0-674-g00855b9 (webtiles) character file.

135 GeneralIdiocy the Charlatan (level 4, -2/34 HPs)
             Began as a Demonspawn Artificer on Dec 7, 2015.
             Slain by an orc priest
             ... wielding a +0 hand axe
              (3 damage)
             ... on level 4 of the Dungeon.
             The game lasted 00:03:31 (2961 turns).

GeneralIdiocy the Charlatan (Demonspawn Artificer)  Turns: 2961, Time: 00:03:31

Health: -2/34      AC:  5    Str: 12    XL:     4   Next: 97%
Magic:  7/7        EV: 12    Int: 13    God:
Gold:   175        SH:  2    Dex: 14    Spells: 0 memorised, 3 levels left

rFire  . . .     SeeInvis .     x - +2 short sword (venom)
rCold  . . .     Clarity  .     b - +0 leather armour
rNeg   . . .     SustAt   .     (no shield)
rPois  +         Gourm    .     (no helmet)
rElec  .         Spirit   .     (no cloak)
rCorr  .         Dismiss  +     (no gloves)
rMut   .         Stasis   .     (no boots)
MR     .....                    a - amulet of dismissal
Stlth  +.........               (no ring)
                                g - ring of poison resistance

@: not resistant to hostile enchantments, very unstealthy
A: large bone plates 1
a: no special abilities


You were on level 4 of the Dungeon.
You were near starving.

You visited 1 branch of the dungeon, and saw 4 of its levels.

You collected 175 gold pieces.

Inventory:

Hand Weapons
 x - a +2 short sword of venom (weapon)
Armour
 b - a +0 leather armour (worn)
Jewellery
 a - an amulet of dismissal (around neck)
 g - a ring of poison resistance (left hand)
Wands
 c - a wand of flame (11)
 d - a wand of enslavement (15)
 e - a wand of random effects (13)
Scrolls
 m - a scroll of remove curse {unknown}
 n - 8 scrolls of identify {unknown}
 p - a scroll of random uselessness {unknown}
 q - a scroll of fear {unknown}
 s - a scroll of fog {unknown}
 t - a scroll of immolation {unknown}
 u - a scroll of teleportation {unknown}
 y - a scroll of enchant armour {unknown}
 A - a scroll of amnesia {unknown}
 B - a scroll of enchant weapon {unknown}
 D - a scroll of blinking {unknown}
Potions
 h - 2 potions of curing {unknown}
 i - a potion of agility {unknown}
 k - a potion of heal wounds {unknown}
 l - 2 potions of haste {unknown}
 o - a potion of brilliance {unknown}
 r - a potion of lignification {unknown}
 w - a potion of mutation {unknown}
 z - 2 potions of degeneration {unknown}
 E - a potion of resistance {unknown}
Miscellaneous
 v - a plain deck of summoning {drawn: 3}
Comestibles
 f - 3 bread rations
 j - a slice of pizza
 C - a royal jelly


   Skills:
 + Level 2.6 Fighting
 - Level 0.8 Short Blades
 + Level 2.2 Armour
 - Level 1.7 Dodging
 - Level 0.8 Stealth
 + Level 4.2 Evocations


You had 3 spell levels left.
You didn't know any spells.

Dungeon Overview and Level Annotations

Branches:
Dungeon (4/15)
 Temple: D:4-7

Altars:
Kikubaaqudgha
Makhleb
Nemelex Xobeh
Qazlal
Sif Muna


Innate Abilities, Weirdness & Mutations

You are partially covered in large bone plates (AC +2, SH +2).


Message History

The puff of flame hits the orc priest.
The orc priest is heavily wounded.
This wand has 11 charges left.
The orc priest mumbles some strange prayers to Beogh against you.
Something smites you!
* * * LOW HITPOINT WARNING * * *
You hear a shout! x2
Evoke which item? (* to show all) (? for menu, Esc to quit)
Zapping:
e - a wand of random effects (15)
Press: ? - help, Shift-Dir - straight line, f/p - orc priest
Aim: an orc priest, wielding a hand axe (heavily wounded)
The orc priest struggles to resist.
This wand has 14 charges left.
You are near starving!
Evoke which item? (* to show all) (? for menu, Esc to quit)
Zapping:
e - a wand of random effects (14)
Press: ? - help, Shift-Dir - straight line, f/p - orc priest
Aim: an orc priest, wielding a hand axe (translocational energy, heavily wounded) Nothing appears to happen.
This wand has 13 charges left.
The orc priest hits you with a hand axe.
You die...

r.....#
.....
.....
... ...
#.# #o#
#@# #.#
#.# #.#
#.# #.#
#.# #.#
#.#


You could see an orc priest and a quokka.

Vanquished Creatures
  2 adders (D:2)
  A shadow imp (D:3)
  3 giant geckos (D:3)
  An orc (D:4)
  5 giant cockroaches
  9 hobgoblins
  4 jackals
  2 ball pythons
  9 bats
  6 giant newts
  8 goblins
  6 kobolds
  9 rats
65 creatures vanquished.

Vanquished Creatures (collateral kills)
  The ghost of GeneralIdiocy the Charlatan, an amateur DsAr (D:3)
  A quokka (D:2)
2 creatures vanquished.

Grand Total: 67 creatures vanquished

Notes
Turn   | Place    | Note
--------------------------------------------------------------
     0 | D:1      | GeneralIdiocy the Demonspawn Artificer began the quest for the Orb.
     0 | D:1      | Reached XP level 1. HP: 15/15 MP: 3/3
   289 | D:1      | Gained mutation: You are partially covered in large bone plates (AC +2, SH +2). [demonic ancestry]
   289 | D:1      | Reached XP level 2. HP: 15/21 MP: 4/4
   880 | D:2      | Reached skill level 1 in Armour
  1049 | D:2      | Reached XP level 3. HP: 26/26 MP: 5/5
  1485 | D:2      | Found a sparkling altar of Nemelex Xobeh.
  1846 | D:2      | Found a burning altar of Makhleb.
  1846 | D:2      | Found a stormy altar of Qazlal.
  2088 | D:3      | Reached XP level 4. HP: 33/33 MP: 6/6
  2167 | D:3      | Found a deep blue altar of Sif Muna.
  2571 | D:3      | Reached skill level 4 in Evocations
  2688 | D:3      | Found an ancient bone altar of Kikubaaqudgha.
  2714 | D:3      | Noticed GeneralIdiocy's ghost (amateur DsAr)
  2726 | D:3      | Killed GeneralIdiocy's ghost
  2959 | D:4      | HP: 1/34 [orc priest/divine providence (13)]
  2961 | D:4      | Slain by an orc priest

Vault maps used:
D:1:      dpeg_arrival_refuge, st_stairs_11, grunt_decor_one_mirror,
          hangedman_decor_clover_reticule, minmay_misc_feat_pillars
D:2:      nemelex_deck, amethyst_overflow_temple_binary
D:3:      lemuel_doored_altar, lemuel_coloured_pillars_altar, first_bread
D:4:      cheibriados_altar_wand_db, temple_hall

Action                   |  1- 3 |  4- 6 || total
-------------------------+-------+-------++-------
Melee: Short sword       |   199 |    51 ||   250
Evoke: Deck              |     1 |     2 ||     3
       Wand              |       |     6 ||     6
 Stab: Sleeping          |       |     2 ||     2
       Distracted        |       |     1 ||     1
  Eat: Fruit             |     2 |       ||     2
       Chunk             |     2 |       ||     2
       Beef jerky        |     1 |       ||     1
